Map: Thunderbird LE

Players

soul

  • Race: Terran Terran
  • League: Grandmaster
  • Spawn Location: 11:00

LiquidTaeJa (TaeJa) - Winner!

  • Race: Terran Terran
  • League: Master
  • Spawn Location: 5:00

Event: HomeStory Cup XX

VOD

Have the link to the VOD?

Description

Time

  • Played on: Nov. 21, 2019, 6:26 a.m.
  • Length: 9:22

All games in this series

Show
View Real Time Build Order
Export as new Build Order

soul Terran 

Build Orders: Gas First Reaper Expand 

Get SALT Encoding   

  12  0:00  SCV  
  13  0:13  SCV  
  14  0:17  Supply Depot  
  14  0:25  SCV  
  15  0:32  Refinery  
  15  0:38  SCV  
  16  0:44  Barracks  
  16  0:52  SCV  
  17  1:04  SCV  
  18  1:16  SCV  
  19  1:32  Orbital Command, Reaper  
  20  1:47  Command Center  
  20  1:57  Factory  
  20  2:00  SCV  
  21  2:08  Barracks Reactor  
  21  2:13  SCV  
  22  2:16  Supply Depot  
  22  2:19  Refinery  
  22  2:25  SCV  
  23  2:38  SCV  
  23  2:43  Hellion  
  25  2:45  Marine  
  25  2:46  Marine  
  27  2:54  Starport  
  27  2:55  SCV  
  28  3:05  Marine x2, Factory Tech Lab  
  30  3:07  SCV  
  31  3:28  Marine x2, SCV  
  31  3:30  Orbital Command  
  31  3:33  Siege Tank  
  37  3:37  Orbital Command  
  37  3:40  SCV  
  37  3:41  Starport Tech Lab  
  37  3:46  Refinery, Marine  
  38  3:53  Marine, Supply Depot, SCV  
  40  4:01  Raven  
  42  4:04  SCV  
  42  4:05  SCV  
  44  4:14  Marine x2  
  44  4:15  Supply Depot  
  44  4:16  SCV  
  46  4:17  SCV  
  46  4:21  Siege Tank  
  49  4:28  Supply Depot, SCV  
  49  4:29  SCV  
  51  4:37  Marine  
  51  4:40  SCV  
  51  4:41  SCV  
  51  4:50  Raven  
  51  4:52  SCV  
  54  4:53  SCV  
  55  5:04  SCV  
  55  5:05  Command Center, SCV  
  57  5:10  Supply Depot  
  57  5:11  Marine  
  58  5:16  Siege Tank, SCV  
  58  5:17  SCV  
  64  5:24  Supply Depot  
  64  5:28  SCV  
  64  5:29  SCV  
  64  5:33  Supply Depot  
  66  5:40  Barracks, SCV  
  66  5:41  Barracks, SCV  
  67  5:48  Marine, Stimpack  
  68  5:50  Viking  
  68  5:52  SCV  
  68  5:53  Viking  
  68  5:56  SCV  
  74  6:00  Refinery  
  74  6:03  Siege Tank  
  77  6:05  SCV  
  77  6:08  SCV  
  79  6:15  Marine  
  79  6:17  SCV  
  81  6:19  Orbital Command  
  81  6:20  SCV  
  81  6:23  Engineering Bay  
  81  6:25  Engineering Bay  
  82  6:29  SCV  
  82  6:32  SCV  
  78  6:33  Marine  
  78  6:35  Siege Tank  
  76  6:41  SCV  
  76  6:44  SCV  
  78  6:48  SCV  
  78  6:52  Viking  
  78  6:53  Marine  
  76  6:59  SCV  
  76  7:00  SCV  
  76  7:01  SCV  
  76  7:05  Refinery  
  76  7:06  Barracks Reactor x2  
  76  7:07  Refinery, Siege Tank, Barracks Reactor  
  80  7:11  SCV  
  80  7:12  SCV  
  80  7:13  Marine  
  83  7:15  SCV  
  84  7:23  SCV  
  84  7:25  Medivac x2  
  84  7:28  SCV x2  
  91  7:31  Marine  
  91  7:35  SCV  
  93  7:37  Supply Depot  
  93  7:38  Supply Depot  
  93  7:44  SCV x2  
  93  7:45  Marine x4  
  93  7:47  Combat Shield  
  93  7:49  Marine, SCV  
  101  7:59  Medivac x2, SCV  
  101  8:01  Supply Depot, SCV  
  101  8:02  Supply Depot  
  101  8:04  Supply Depot, SCV  
  108  8:06  Marine  
  108  8:08  Marine  
  108  8:11  SCV  
  108  8:12  Marine  
  111  8:14  Supply Depot, SCV  
  111  8:15  Siege Tank  
  116  8:23  SCV  
  116  8:24  Marine x3, Supply Depot  
  116  8:26  Marine  
  116  8:27  Supply Depot, SCV  
  122  8:30  Marine  
  122  8:32  Barracks  
  123  8:35  SCV  
  123  8:36  Barracks, SCV  
  123  8:41  Medivac  
  127  8:42  Marine, Armory  
  127  8:43  Medivac  
  129  8:48  Marine x4  
  133  8:57  Supply Depot  
  133  8:59  Marine, Supply Depot, Command Center  
  134  9:03  SCV  
  134  9:04  SCV x2  
Show
View Real Time Build Order
Export as new Build Order

LiquidTaeJa Terran - Winner!

Build Orders: Gas First Reaper Expand 

Get SALT Encoding   

  12  0:00  SCV  
  13  0:13  SCV  
  14  0:16  Supply Depot  
  14  0:25  SCV  
  15  0:30  Refinery  
  15  0:38  SCV  
  16  0:43  Barracks  
  16  0:50  SCV  
  17  1:02  SCV  
  18  1:14  SCV  
  19  1:29  Orbital Command  
  19  1:30  Reaper  
  20  1:42  Command Center  
  20  1:54  Factory  
  20  1:57  SCV  
  21  2:06  Reaper  
  22  2:09  SCV  
  22  2:13  Supply Depot  
  23  2:18  Refinery  
  23  2:35  SCV  
  24  2:44  Hellion  
  26  2:46  Starport  
  26  2:47  SCV  
  26  2:55  Orbital Command  
  26  2:57  Barracks Reactor  
  26  2:59  SCV  
  26  3:05  Factory Tech Lab  
  27  3:11  SCV  
  28  3:20  SCV  
  28  3:21  Refinery  
  28  3:23  SCV  
  30  3:38  SCV  
  30  3:39  Command Center  
  30  3:40  Raven  
  30  3:41  SCV  
  31  3:43  Marine x2  
  31  3:45  Factory Tech Lab  
  33  3:51  SCV  
  33  3:53  SCV  
  33  3:54  Bunker  
  35  4:01  Marine x2  
  37  4:04  Barracks  
  37  4:05  SCV x2  
  39  4:12  Cyclone  
  42  4:17  SCV  
  42  4:18  SCV  
  44  4:30  SCV x2  
  46  4:32  Starport Reactor  
  46  4:34  Stimpack  
  46  4:41  Supply Depot  
  46  4:46  SCV  
  46  4:50  Marine  
  46  4:51  Siege Tank, SCV  
  51  4:53  Orbital Command  
  51  4:54  Barracks  
  51  4:58  Refinery, SCV  
  52  5:00  Marine  
  52  5:01  Marine  
  52  5:03  SCV  
  55  5:09  Marine  
  55  5:10  Medivac, SCV  
  55  5:11  Medivac  
  61  5:15  SCV  
  61  5:19  Marine x2  
  64  5:22  Supply Depot, SCV  
  64  5:23  Siege Tank  
  64  5:25  Orbital Command  
  64  5:28  Supply Depot  
  68  5:29  Supply Depot  
  68  5:32  Marine  
  69  5:44  Marine, Barracks Reactor, SCV x2  
  69  5:49  Engineering Bay x2  
  72  5:50  Marine  
  72  5:53  SCV  
  72  5:56  Siege Tank, SCV  
  78  5:58  SCV  
  78  6:00  Viking  
  78  6:02  Viking  
  83  6:06  Marine, SCV  
  83  6:08  SCV  
  86  6:13  Supply Depot x2  
  86  6:15  SCV  
  86  6:18  SCV  
  88  6:20  Marine x2  
  88  6:22  Combat Shield  
  90  6:29  Terran Infantry Weapons Level 1, Terran Infantry Armor Level 1  
  90  6:34  SCV x2  
  87  6:40  Marine x2  
  87  6:44  Siege Tank  
  87  6:45  SCV  
  87  6:46  Marine x3  
  94  6:52  SCV x2  
  93  6:57  Marine x2, SCV  
  93  7:00  Barracks  
  93  7:01  Medivac, Barracks  
  93  7:04  SCV  
  93  7:05  Marine x3, Medivac  
  93  7:06  SCV  
  102  7:09  SCV  
  102  7:15  Supply Depot x2  
  103  7:16  SCV  
  103  7:19  Refinery  
  103  7:20  Refinery, Siege Tank  
  107  7:23  SCV x2  
  109  7:33  Supply Depot  
  109  7:34  Supply Depot  
  109  7:36  Marine x5  
  109  7:37  Medivac x2, SCV  
  119  7:40  SCV x2, Armory  
  121  7:49  SCV  
  122  7:52  SCV  
  122  7:53  Barracks Reactor x2  
  122  7:54  Marine x2  
  122  7:57  Marine x2  
  128  8:00  Command Center  
  128  8:03  Supply Depot x2, Siege Tank  
  130  8:06  Sensor Tower  
  130  8:10  Factory  
  130  8:12  Marine x2, Barracks Reactor, SCV x2  
  134  8:13  SCV  
  134  8:15  Marine x2  
  137  8:27  SCV  
  137  8:28  SCV x2  
  137  8:30  Marine x2  
  137  8:31  Marine x3  
  137  8:32  Marine  
  137  8:33  Marine x2  
  148  8:36  Siege Tank  
  151  8:48  Marine x2  
  153  8:49  Marine x3  
  153  8:50  Marine, Supply Depot x2  
  153  8:51  Supply Depot  
Tags
 
Add a new tag
Caveats
  • Supply blocks, unpowered buildings, or Contaminate may cause inaccurate times.
  • Supply counts are checked every 10 seconds.